AoeStats
← MaxiMoO

Arabia

510007748Analyzed
1v1 RM · 2d ago on Sep 29, 2026· 39m 3s· 2 players
Game mode
Random Map
Map size
Tiny (2 player)
Population
200
Speed
Normal
Resources
Standard
Victory
Conquest
Starting age
Dark Age
Ending age
Imperial Age
RankedLock teamsTeams togetherTeam positionsShared explorationLock speedFull tech treeHidden civsTurbo modeCheats
Victory
Defeat
🇺🇸 Burmese · United States
1253
+17
🇦🇷 Cumans · Argentina
1282
-17
Chris P Bacon
6:57 Loom
9:21 Feudal Age
9:56 Man-at-Arms
14:53 Fletching
15:29 Horse Collar
21:26 Castle Age
20:44 Bloodlines
20:57 Scale Barding Armor
21:20 Gold Mining
21:22 Stone Mining
24:52 Wheelbarrow
25:50 Husbandry
26:12 Heavy Plow
30:04 Sanctity
30:40 Chain Barding Armor
30:34 Padded Archer Armor
33:07 Town Watch
38:11 Imperial Age
35:53 Bodkin Arrow
38:13 Hand Cart
39:08 Chain Barding Armor
38:58 Forging
39:40 Bracer
MaxiMoO
6:28 Loom
6:42 Loom
9:00 Feudal Age
10:02 Double-Bit Axe
17:20 Fletching
20:16 Horse Collar
24:04 Castle Age
23:38 Scale Barding Armor
25:02 Bow Saw
30:23 Chain Barding Armor
30:14 Forging
33:27 Bloodlines
36:04 Capped Ram
Connection lost

Rejoining the realm…

Still unreachable

The connection could not be restored.

Session expired

The server has moved on; the page needs a fresh start.